 Dungeon Crawl Stone Soup version 0.18.1-5-g4a78601 (webtiles) character file.

15102 Chiseanne the Destroyer (level 11, 68/68 HPs)
             Began as a Demonspawn Wizard on May 10, 2016.
             Was an Elder of Vehumet.
             Quit the game on level 12 of the Dungeon.
             The game lasted 00:59:54 (17227 turns).

Chiseanne the Destroyer (Demonspawn Wizard)        Turns: 17227, Time: 00:59:55

Health: 68/68      AC: 11    Str:  7    XL:     11   Next: 97%
Magic:  24/27      EV: 15    Int: 23    God:    Vehumet [****..]
Gold:   647        SH:  4    Dex: 12    Spells: 8 memorised, 12 levels left

rFire  . . .     SeeInvis .     a - +3 short sword (venom)
rCold  . . .     Gourm    .     k - +0 robe
rNeg   . . .     Faith    .     (no shield)
rPois  +         Spirit   .     b - +1 hat
rElec  .         Dismiss  .     Q - +2 cloak {+Inv}
rCorr  .         Reflect  .     q - +0 pair of gloves
SustAt .         Harm     .     (no boots)
MR     .....                    (no amulet)
Stlth  ++........               r - +3 ring of evasion
                                N - ring of poison resistance

@: repel missiles, not resistant to hostile enchantments, unstealthy
A: claws 1, large bone plates 3, blink, powered by death 1
a: Blink, Renounce Religion, Evoke Invisibility


You were on level 12 of the Dungeon.
You worshipped Vehumet.
Vehumet was greatly pleased with you.
You were not hungry.

You visited 1 branch of the dungeon, and saw 12 of its levels.
You also visited: Ossuary.

You collected 647 gold pieces.

Inventory:

Hand Weapons
 a - a +3 short sword of venom (weapon)
 e - a +4 blowgun
 s - a +2 whip of electrocution
 w - a +3 hunting sling
Missiles
 h - 492 stones (quivered)
 l - 20 sling bullets
 F - 4 throwing nets
 G - 42 poisoned needles
 W - 10 curare-tipped needles
Armour
 b - a +1 hat (worn)
 k - a +0 robe (worn)
 q - a +0 pair of gloves (worn)
 L - a +0 buckler
 Q - a +2 cloak of invisibility (worn)
Rods
 O - a +1 rod of shadows (13/15)
   (You found it on level 8 of the Dungeon)
Jewellery
 r - a +3 ring of evasion (right hand)
 E - an uncursed ring of wizardry
 H - an uncursed ring of positive energy
 N - a ring of poison resistance (left hand)
Wands
 f - a wand of paralysis (10/24)
 m - a wand of iceblast (3/15)
 o - a wand of confusion (10/48)
 v - a wand of confusion (25/48)
 M - a wand of disintegration (0/24)
 S - a wand of teleportation (5/9)
 Z - a wand of paralysis (8/24)
Scrolls
 t - 3 scrolls of teleportation
 y - 5 scrolls of remove curse
 D - 2 scrolls of identify
 K - 2 scrolls of magic mapping
 V - a scroll of amnesia
Potions
 g - a potion of agility
 i - 2 potions of flight
 p - 3 potions of brilliance
 z - a potion of cancellation
 B - a potion of haste
 I - a potion of resistance
 J - a potion of lignification
 P - a potion of heal wounds
 U - a potion of berserk rage {unknown}
 X - 2 potions of curing
Books
 c - a book of Minor Magic

   Spells                             Type                      Level
   a - Magic Dart                     Conjuration                  1
   b - Blink                          Translocation                2
   c - Call Imp                       Summoning                    2
   d - Repel Missiles                 Charms/Air                   2
   e - Slow                           Hexes                        2
   f - Conjure Flame                  Conjuration/Fire             3
   g - Mephitic Cloud                 Conjuration/Poison/Air       3
Comestibles
 d - 9 bread rations
 j - 8 slices of pizza
 n - 2 chunks of flesh
 A - 5 fruits
 C - 5 beef jerkies


   Skills:
 - Level 1.7 Dodging
 - Level 1.7 Stealth
 * Level 12.7 Spellcasting
 * Level 13.4 Conjurations
   Level 1.0 Summonings
 - Level 0.8 Translocations


You had 12 spell levels left.
You knew the following spells:

 Your Spells              Type           Power        Failure   Level  Hunger
a - Magic Dart            Conj           ####         0%          1    None
b - Blink                 Tloc           N/A          4%          2    None
c - Fireball              Conj/Fire      #####.....   2%          5    ###....
d - Mephitic Cloud        Conj/Pois/Air  #####...     1%          3    None
e - Conjure Flame         Conj/Fire      #####...     1%          3    None
f - Sticky Flame          Conj/Fire      #####...     1%          4    None
g - Inner Flame           Hex/Fire       ##......     4%          3    None
h - Repel Missiles        Chrm/Air       ##....       10%         2    None


Dungeon Overview and Level Annotations

Branches:
Dungeon (12/15)            Temple (0/1) D:6            Lair (0/8) D:10
    Orc (0/2) D:10

Altars:
Cheibriados
Dithmenos
Elyvilon
Kikubaaqudgha
Nemelex Xobeh
Pakellas
Qazlal
Vehumet
Zin
The Shining One

Shops:
D:5 %

Annotations:
D:3 Liquid's ghost, amateur SpEn
D:6 CcS's ghost, novice MiBe


Innate Abilities, Weirdness & Mutations

You have sharp fingernails.
You are completely covered in large bone plates (AC +4, SH +4).
You regenerate a little health from kills.
You can translocate small distances at will.


Message History

The magic dart hits the ice beast.
You hear a blaring wail to the northwest. 2 ice beasts come into view.
Casting: Magic Dart
Confirm with . or Enter, or press ? or * to list all spells.
Aiming: Magic Dart
Press: ? - help, Shift-Dir - straight line, f/p - ice beast
Aim: an ice beast The magic dart hits the ice beast.
The ice beast is lightly wounded.
The ice beast falls through a shaft!
The shaft crumbles and collapses.
Casting: Magic Dart
Confirm with . or Enter, or press ? or * to list all spells.
Aiming: Magic Dart
Press: ? - help, Shift-Dir - straight line, f/p - ice beast
Aim: an ice beast (lightly wounded)
The magic dart hits the ice beast.
The ice beast is lightly wounded. 2 ice beasts come into view.
Are you sure you want to abandon this character and quit the game? (Confirm with "yes".)

Y.....##.# ..
..Y.=.$. #.
#....#.# #. Y..Y..
.. ..Y.# #. ...#
###. #..# #... #.#
#######.#. #@#
####.......##
#.####....########
#......#### #
#.###### # #.## #
##.## # ##.#######
# ###.....## ##
#......######.


You could see 3 ice beasts.

Vanquished Creatures
  Josephine (D:11)
  Harold (D:11)
  The ghost of Uberwunderbarhen the Ducker, a novice OpTm of Makhleb (D:9)
  Sonja (D:11)
  2 skeletal warriors
  2 hill giants
  Pikel (D:6)
  An ugly thing (D:11)
  2 centaur zombies
  An elephant (D:10)
  3 centaur skeletons
  2 trolls
  A shadow (D:11)
  Sigmund (D:2)
  A gnoll sergeant (D:6)
  11 yaks
  A human (D:7)
  2 hippogriffs
  2 hungry ghosts
  A water moccasin (D:10)
  The ghost of ildan the Conjurer, an amateur DECj (D:4)
  2 orc warriors
  A slave (D:6)
  5 ogres
  3 phantoms
  A sky beast (D:9)
  3 centaurs
  A crocodile (D:10)
  7 big kobolds
  4 giant frogs
  4 killer bees (D:8)
  A wyvern skeleton (D:11)
  2 scorpions
  8 wights
  2 howler monkeys
  2 electric eels (D:6)
  3 crimson imps
  A wasp zombie (D:9)
  A giant frog zombie (D:9)
  5 hounds
  A jelly (D:10)
  Crazy Yiuf (D:7)
  7 orc priests
  2 giant frog skeletons (D:6)
  7 orc wizards
  7 iguanas
  Terence (D:3)
  9 worker ants
  5 sheep
  3 hound skeletons
  2 mummies (D:6)
  Robin (D:4)
  11 gnolls (D:6)
  A worker ant zombie (D:9)
  11 adders
  A shadow imp (D:7)
  An adder zombie (D:7)
  2 adder skeletons
  3 worms
  3 dart slugs
  4 giant geckos
  21 orcs
  A ball python (D:4)
  9 bats
  9 giant cockroaches
  37 goblins
  27 hobgoblins
  8 jackals
  5 quokkas
  3 giant newts
  24 kobolds
  A quokka skeleton (D:4)
  5 rats
328 creatures vanquished.

Vanquished Creatures (others)
  A hydra (D:2)
  3 slaves (D:6)
  A giant frog (D:6)
  A worker ant (D:6)
  A mummy (D:6)
  A shadow imp (D:6)
  3 goblins (D:6)
  2 hobgoblins (D:6)
  2 fungi (D:10)
15 creatures vanquished.

Grand Total: 343 creatures vanquished

Notes
Turn   | Place    | Note
--------------------------------------------------------------
     0 | D:1      | Chiseanne the Demonspawn Wizard began the quest for the Orb.
     0 | D:1      | Reached XP level 1. HP: 13/13 MP: 4/4
   276 | D:1      | Gained mutation: You are partially covered in large bone plates (AC +2, SH +2). [demonic ancestry]
   276 | D:1      | Reached XP level 2. HP: 17/19 MP: 1/6
   407 | D:1      | Learned a level 2 spell: Blink
   410 | D:1      | Learned a level 2 spell: Repel Missiles
   593 | D:1      | Reached skill level 2 in Conjurations
  1063 | D:2      | Gained mutation: You are mostly covered in large bone plates (AC +3, SH +3). [demonic ancestry]
  1063 | D:2      | Reached XP level 3. HP: 7/24 MP: 0/7
  1086 | D:2      | HP: 1/24 [poisoned by an adder]
  1603 | D:1      | Learned a level 3 spell: Mephitic Cloud
  2117 | D:3      | Reached skill level 3 in Conjurations
  2117 | D:3      | Reached XP level 4. HP: 21/30 MP: 3/10
  2478 | D:3      | Noticed Terence
  2514 | D:3      | Killed Terence
  2514 | D:3      | Gained mutation: You regenerate a little health from kills. [demonic ancestry]
  2514 | D:3      | Reached XP level 5. HP: 32/35 MP: 7/11
  2582 | D:3      | Noticed Liquid's ghost (amateur SpEn)
  3241 | D:2      | Found a stormy altar of Qazlal.
  3361 | D:2      | Noticed Sigmund
  3374 | D:2      | Killed Sigmund
  3374 | D:2      | Reached skill level 5 in Spellcasting
  3374 | D:2      | Reached skill level 4 in Conjurations
  3374 | D:2      | Reached XP level 6. HP: 41/41 MP: 3/13
  3459 | D:2      | Found an oddly glowing altar of Pakellas.
  3460 | D:2      | Noticed a seven-headed hydra
  3469 | D:2      | Killed a seven-headed hydra
  3726 | D:4      | Noticed Robin
  3759 | D:3      | Reached skill level 5 in Conjurations
  4062 | D:4      | Noticed ildan's ghost (amateur DECj)
  4072 | D:4      | Killed ildan's ghost
  4072 | D:4      | Gained mutation: You are completely covered in large bone plates (AC +4, SH +4). [demonic ancestry]
  4072 | D:4      | Reached XP level 7. HP: 38/46 MP: 5/15
  4191 | D:4      | Found a snail-covered altar of Cheibriados.
  4252 | D:4      | Found a radiant altar of Vehumet.
  4283 | D:4      | Became a worshipper of Vehumet
  4493 | D:4      | Gained mutation: You can translocate small distances at will. [potion of beneficial mutation]
  4733 | D:4      | Killed Robin
  4769 | D:4      | Found a white marble altar of Elyvilon.
  4769 | D:4      | Found a glowing golden altar of the Shining One.
  4786 | D:4      | Found a glowing silver altar of Zin.
  5044 | D:5      | Entered Level 5 of the Dungeon
  5074 | D:5      | Reached skill level 6 in Conjurations
  5348 | D:5      | Found Meut's Food Shop.
  5643 | D:5      | Reached XP level 8. HP: 52/52 MP: 6/18
  5922 | D:5      | Reached skill level 7 in Conjurations
  6206 | D:6      | Found a shadowy altar of Dithmenos.
  6320 | D:6      | Found a sand-covered staircase.
  6344 | Ossuary  | Entered an ossuary
  6376 | D:6      | Learned a level 3 spell: Conjure Flame
  6642 | D:6      | Noticed CcS's ghost (novice MiBe)
  6841 | D:6      | Noticed Pikel
  6863 | D:6      | Killed Pikel
  6863 | D:6      | Reached skill level 8 in Conjurations
  7349 | D:6      | Found a staircase to the Ecumenical Temple.
  7427 | D:6      | Reached XP level 9. HP: 57/57 MP: 12/21
  7432 | D:6      | Reached * piety under Vehumet
  7432 | D:6      | Offered knowledge of Flame Tongue by Vehumet.
  8159 | D:6      | HP: 2/57 [electric eel/bolt of electricity (15)]
  8678 | D:6      | Reached skill level 9 in Conjurations
  9087 | D:6      | Reached ** piety under Vehumet
  9088 | D:6      | Offered knowledge of Throw Frost by Vehumet.
  9856 | D:7      | Offered knowledge of Throw Flame by Vehumet.
 10157 | D:7      | Reached *** piety under Vehumet
 10487 | D:7      | Found a sparkling altar of Nemelex Xobeh.
 10677 | D:7      | Noticed Crazy Yiuf
 10688 | D:7      | Killed Crazy Yiuf
 10929 | D:7      | Reached skill level 10 in Conjurations
 10938 | D:7      | Offered knowledge of Sticky Flame by Vehumet.
 10982 | D:7      | Learned a level 4 spell: Sticky Flame
 11150 | D:8      | Reached XP level 10. HP: 63/63 MP: 3/23
 12264 | D:9      | Noticed Uberwunderbarhen's ghost (novice OpTm)
 12293 | D:9      | Killed Uberwunderbarhen's ghost
 12293 | D:9      | Reached skill level 10 in Spellcasting
 12742 | D:9      | Identified a +0 rod of shadows (13/13) (You found it on level 8 of the Dungeon)
 12916 | D:9      | Found a shadowy altar of Dithmenos.
 12917 | D:9      | Found an ancient bone altar of Kikubaaqudgha.
 13006 | D:9      | Found a snail-covered altar of Cheibriados.
 13058 | D:10     | Entered Level 10 of the Dungeon
 13104 | D:10     | Reached skill level 11 in Conjurations
 13106 | D:10     | Reached **** piety under Vehumet
 13411 | D:10     | Noticed an elephant
 13422 | D:10     | Offered knowledge of Inner Flame by Vehumet.
 13446 | D:10     | Killed an elephant
 13559 | D:10     | Found a staircase to the Lair.
 13627 | D:10     | Learned a level 3 spell: Inner Flame
 13641 | D:10     | Noticed a hill giant
 13761 | D:10     | Killed a hill giant
 13994 | D:10     | Found a staircase to the Orcish Mines.
 14298 | D:11     | Gained mutation: You have sharp fingernails. [demonic ancestry]
 14298 | D:11     | Reached XP level 11. HP: 68/68 MP: 5/26
 14321 | D:11     | Reached skill level 12 in Conjurations
 14657 | D:11     | Noticed a brown ugly thing
 14749 | D:11     | Killed a brown ugly thing
 14986 | D:11     | Reached ***** piety under Vehumet
 14997 | D:11     | Noticed a hill giant
 15002 | D:11     | Killed a hill giant
 15005 | D:11     | Noticed Sonja
 15216 | D:11     | Noticed Josephine
 15957 | D:11     | Killed Sonja
 16056 | D:11     | Killed Josephine
 16137 | D:11     | Offered knowledge of Fireball by Vehumet.
 16144 | D:11     | Learned a level 5 spell: Fireball
 16239 | D:11     | Noticed Harold
 16256 | D:11     | Killed Harold
 16256 | D:11     | Reached skill level 13 in Conjurations
 16416 | D:12     | Noticed a skeletal warrior
 16416 | D:12     | Noticed a skeletal warrior
 16416 | D:12     | Noticed a skeletal warrior
 16433 | D:11     | Killed a skeletal warrior
 16562 | D:12     | Noticed a skeletal warrior
 16562 | D:12     | Noticed a skeletal warrior
 16562 | D:12     | Noticed a skeletal warrior
 16978 | D:12     | Killed a skeletal warrior
 17227 | D:12     | Quit the game

Skill      XL: |  1  2  3  4  5  6  7  8  9 10 11 |
---------------+----------------------------------+-----
Conjurations   | 2 3 4 5 6 8 10 11 13 | 13.4
Spellcasting   | 4 5 6 8 9 11 12 | 12.7
Dodging        | |  1.7
Stealth        | |  1.7
Summonings     | |  1.0
Translocations | |  0.8

Action                   |  1- 3 |  4- 6 |  7- 9 | 10-12 || total
-------------------------+-------+-------+-------+-------++-------
Melee: Unarmed           |    17 |       |       |       ||    17
       Club              |     5 |       |       |       ||     5
       Dagger            |   132 |    20 |   135 |     1 ||   288
       Short sword       |       |       |       |    96 ||    96
 Fire: Hunting sling     |       |       |       |     1 ||     1
 Cast: Magic Dart        |   104 |   102 |   509 |   380 ||  1095
       Repel Missiles    |     1 |       |     2 |     4 ||     7
       Mephitic Cloud    |     1 |     2 |    33 |    18 ||    54
       Blink             |     1 |       |     7 |    12 ||    20
       Conjure Flame     |       |       |    15 |    34 ||    49
       Sticky Flame      |       |       |       |    41 ||    41
       Fireball          |       |       |       |     8 ||     8
Evoke: Wand              |       |       |    14 |    17 ||    31
       Rod               |       |       |       |     5 ||     5
  Use: Scroll            |     9 |     3 |    12 |     9 ||    33
       Potion            |     1 |       |     1 |       ||     2
 Stab: Confused          |       |     1 |       |     2 ||     3
  Eat: Chunk             |     4 |     6 |    21 |    18 ||    49
       Fruit             |       |       |     1 |     4 ||     5
Armor: Robe              |    37 |     5 |    50 |    59 ||   151
Dodge: Dodged            |    95 |    18 |   174 |   136 ||   423
       Deflected         |       |     1 |     7 |     9 ||    17
Block: Other             |    13 |     6 |    44 |    31 ||    94
